 Dungeon Crawl Stone Soup version 0.26.1-11-gd32895ea62 (webtiles) character file.

Game seed: 17419310841619687637

3121 phalm the Destroyer (level 9, -4/66 HPs)
             Began as a Gnoll Conjurer on June 15, 2021.
             Was an Elder of Okawaru.
             Slain by a wolf (5 damage)
             ... led by Grum
             ... on level 8 of the Dungeon.
             The game lasted 00:14:02 (9849 turns).

phalm the Destroyer (Gnoll Conjurer)                Turns: 9849, Time: 00:14:03

Health: -4/66      AC:  3    Str:  9    XL:     9   Next: 91%
Magic:  0/19       EV: 15    Int: 24    God:    Okawaru [****..]
Gold:   222        SH:  0    Dex: 14    Spells: 10/21 levels left

rFire    + + .     SeeInvis .   A - +0 trident (flame)
rCold    . . .     Faith    .   (no shield)
rNeg     . . .     Spirit   .   z - +0 leather armour {rF+}
rPois    .         Reflect  .   (no helmet)
rElec    .         Harm     .   (no cloak)
rCorr    .         Rampage  .   (no gloves)
Will     .....                  (no boots)
Stlth    +++.......             (no amulet)
HPRegen  0.21/turn              F - ring of protection from fire
MPRegen  0.16/turn              Z - ring of wizardry

@: no status effects
A: distributed training, fangs 1, strong nose
a: Renounce Religion, Heroism


You were on level 8 of the Dungeon.
You worshipped Okawaru.
Okawaru was greatly pleased with you.
You visited 2 branches of the dungeon, and saw 9 of its levels.

You collected 372 gold pieces.
You spent 150 gold pieces at shops.


Innate Abilities, Weirdness & Mutations

Your experience applies equally to all skills.
You have very sharp teeth.
Your uncanny sense of smell can sniff out nearby items.


   Skills:
 + Level 4.7 Fighting
 + Level 4.7 Short Blades
 + Level 4.7 Long Blades
 + Level 4.7 Axes
 + Level 4.7 Maces & Flails
 + Level 4.7 Polearms
 + Level 4.7 Staves
 + Level 4.7 Slings
 + Level 4.7 Bows
 + Level 4.7 Crossbows
 + Level 4.7 Throwing
 + Level 4.7 Armour
 + Level 6.6 Dodging
 + Level 6.3 Stealth
 + Level 4.7 Shields
 + Level 4.7 Unarmed Combat
 + Level 6.9 Spellcasting
 + Level 8.2 Conjurations
 + Level 3.9 Hexes
 + Level 3.9 Summonings
 + Level 3.9 Necromancy
 + Level 3.9 Translocations
 + Level 3.9 Transmutations
 + Level 3.9 Fire Magic
 + Level 3.9 Ice Magic
 + Level 3.9 Air Magic
 + Level 3.9 Earth Magic
 + Level 3.9 Poison Magic
 + Level 5.1 Invocations
 + Level 4.7 Evocations


You had 10 spell levels left.
You knew the following spells:

 Your Spells              Type           Power        Failure   Level
f - Fulminant Prism       Conj/Hex       18%          3%          4
m - Magic Dart            Conj           100%         1%          1
s - Searing Ray           Conj           94%          1%          2
X - Iskenderun's Mystic   Conj/Tloc      37%          3%          4

Your spell library contained the following spells:

 Spells                   Type           Power        Failure   Level
 Dazzling Flash           Conj/Hex       74%          1%          3

Inventory:

Hand Weapons
 A - a +0 trident of flaming (weapon)
   (You took it off an orc on level 4 of the Dungeon)
Missiles
 i - 4 boomerangs
 m - 60 sling bullets
 s - 7 poisoned darts
 t - 40 bolts
Armour
 z - a +0 leather armour of fire resistance (worn)
   (You took it off an orc on level 4 of the Dungeon)
Magical Staves
 C - an uncursed staff of death
   (You found it on level 7 of the Dungeon)
Jewellery
 F - a ring of protection from fire (left hand)
   (You found it on level 7 of the Dungeon)
 L - an uncursed ring of flight
   (You found it on level 5 of the Dungeon)
 Z - a ring of wizardry (right hand)
   (You found it on level 5 of the Dungeon)
Scrolls
 c - 4 scrolls of teleportation {@r4}
 d - 3 scrolls of noise {!r}
 e - a scroll of fear
 g - 2 scrolls of blinking {!r}
 k - 2 scrolls of enchant armour
 n - 2 scrolls of magic mapping {!r}
 p - a scroll of immolation {!r!r}
 w - 2 scrolls of remove curse {@r2}
 y - a scroll of fog
Potions
 a - 2 potions of heal wounds {@q2}
 b - 2 potions of brilliance
 f - a potion of flight
 h - a potion of ambrosia {unknown}
 j - 3 potions of invisibility
 l - 4 potions of curing {@q1}
 o - 3 potions of mutation {unknown}
 q - 3 potions of might {unknown}
 r - 3 potions of magic {unknown}
 u - a potion of attraction {unknown}
 v - a potion of degeneration {unknown}
 x - a potion of cancellation {unknown}
 B - 3 potions of haste {unknown}

Dungeon Overview and Level Annotations

Branches:
Dungeon (8/15)             Temple (1/1) D:4
   Lair: D:8-11

Altars:
Dithmenos
Elyvilon
Fedhas
Gozag
Hepliaklqana
Nemelex Xobeh
Okawaru
Qazlal
Sif Muna
Uskayaw
Vehumet
Wu Jian
Xom
Yredelemnul
Zin

Shops:
D:5 * D:6

* #.# #####.# ≈≈≈. ..
......########## ≈.≈♣...
###.......>....# ≈.≈♣...
###............# .......
.##............# g......
...............###.......
.(.#+##.........h#)......
................@†.>.....
.....#...........#.......
#....#...........#......$
.....#...........########
#.#..#...........#
..<..#...........#
###.##...........#
.................#
.##.###....


You could see a wolf.


Message History

The wolf howls!
The wolf closely misses you. The wolf bites you! 😕 HP[-9] MP[-2]
You take 9 damage, and now have 57/66 hp.
You lost 2 mp, and now have 12/19 mp.
The searing ray hits the wolf.
The searing ray hits the wolf!
The wolf barely misses you. 😕 MP[-1]
You lost 1 mp, and now have 11/19 mp.
The searing ray hits the wolf!
You kill the wolf!
Okawaru accepts your kill.
The wolf closely misses you. 😕 HP[+1] MP[-1]
You lost 1 mp, and now have 10/19 mp.
Casting: Searing Ray (safe; 1% risk of failure)
Confirm with . or Enter, or press ? or * to list all spells.
Aiming: Searing Ray (safe; 1% risk of failure)
Press: ? - help, Shift-Dir - straight line, f - Grum
Aim: Grum, wielding a +1 spear and wearing a +0 animal skin (16% to evade)
The searing ray hits Grum! (Press . to maintain the ray.)
The wolf misses you.
The wolf completely misses you. 😕 MP[-2]
You lost 2 mp, and now have 8/19 mp.
The searing ray misses the wolf.
The searing ray hits Grum!
The wolf misses you. The wolf bites you.
The wolf closely misses you. 😕 HP[-5] MP[-1]
You take 5 damage, and now have 53/66 hp.
You lost 1 mp, and now have 7/19 mp.
The searing ray misses the wolf.
The searing ray hits Grum.
The wolf barely misses you. The wolf bites you!
Grum hits you from afar with a +1 spear!
* * * LOW HITPOINT WARNING * * *
The wolf barely misses you. The wolf bites you.
* * * LOW HITPOINT WARNING * * *
😨 HP[-28]
You take 28 damage, and now have 25/66 hp.
MASSIVE DAMAGE!! (PAUSE)
Casting: Searing Ray (safe; 1% risk of failure)
Confirm with . or Enter, or press ? or * to list all spells.
You erupt in a blast of force!
The mystic blast hits Grum.
Grum is knocked back by the mystic blast.
The mystic blast hits the wolf!
The wolf is knocked back by the mystic blast.
The mystic blast hits the wolf!
The wolf is knocked back by the mystic blast. 😨 MP[-4]
You lost 4 mp, and now have 3/19 mp. 😨 HP[+1]
Casting: Iskenderun's Mystic Blast (dangerous; 3% risk of failure)
Confirm with . or Enter, or press ? or * to list all spells.
Aiming: Searing Ray (safe; 1% risk of failure)
Press: ? - help, Shift-Dir - straight line The searing ray hits the wolf. (Press . to maintain the ray.)
The wolf closely misses you. The wolf barely misses you. 😨 MP[-2]
You lost 2 mp, and now have 1/19 mp.
The searing ray hits the wolf!
You kill the wolf!
Okawaru accepts your kill.
The searing ray hits Grum!
The wolf bites you!
* * * LOW HITPOINT WARNING * * *
Grum misses you.
The wolf closely misses you. 😱 HP[-11] MP[-1]
You take 11 damage, and now have 15/66 hp.
You lost 1 mp, and now have 0/19 mp.
Reach: A) +0 trident (flame)
Press: ? - help, Dir - move target, f - Grum
Aim: Grum, wielding a +1 spear and wearing a +0 animal skin (almost dead)
You reach to attack!
You hit Grum. You burn Grum.
You kill Grum!
Okawaru accepts your kill. Something appears at your feet!
Okawaru grants you ammunition! The wolf closely misses you. x2
Reach: A) +0 trident (flame)
Press: ? - help, Dir - move target, f - wolf
Aim: a wolf (almost dead)
You closely miss the wolf. The wolf bites you!
* * * LOW HITPOINT WARNING * * *
😱 HP[-7] MP[+1]
You take 7 damage, and now have 8/66 hp.
Unknown command.
Aiming: Magic Dart (safe; 1% risk of failure)
Press: ? - help, Q - select action, (/) - cycle Shift-Dir - straight line, f/p - wolf
Aim: a wolf (almost dead, 0% to evade)
The magic dart hits the wolf but does no damage.
The wolf bites you!
* * * LOW HITPOINT WARNING * * *
The wolf barely misses you. 😱 HP[-7] MP[-1]
You take 7 damage, and now have 1/66 hp.
You lost 1 mp, and now have 0/19 mp.
Reach: A) +0 trident (flame)
Press: ? - help, Dir - move target, f/p - wolf
Aim: a wolf (almost dead)
You miss the wolf. The wolf bites you.
You die...

Skill      XL: |  1  2  3  4  5  6  7  8  9 |
---------------+----------------------------+-----
Spellcasting   | 5 6 |  6.9
Invocations    | 1 2 3 4 5 |  5.1
Fighting       | 1 2 3 4 |  4.7
Short Blades   | 1 2 3 4 |  4.7
Long Blades    | 1 2 3 4 |  4.7
Axes           | 1 2 3 4 |  4.7
Maces & Flails | 1 2 3 4 |  4.7
Polearms       | 1 2 3 4 |  4.7
Staves         | 1 2 3 4 |  4.7
Slings         | 1 2 3 4 |  4.7
Bows           | 1 2 3 4 |  4.7
Crossbows      | 1 2 3 4 |  4.7
Throwing       | 1 2 3 4 |  4.7
Armour         | 1 2 3 4 |  4.7
Shields        | 1 2 3 4 |  4.7
Unarmed Combat | 1 2 3 4 |  4.7
Evocations     | 1 2 3 4 |  4.7
Hexes          | 1 2 3 |  3.9
Summonings     | 1 2 3 |  3.9
Necromancy     | 1 2 3 |  3.9
Translocations | 1 2 3 |  3.9
Transmutations | 1 2 3 |  3.9
Fire Magic     | 1 2 3 |  3.9
Ice Magic      | 1 2 3 |  3.9
Air Magic      | 1 2 3 |  3.9
Earth Magic    | 1 2 3 |  3.9
Poison Magic   | 1 2 3 |  3.9
Dodging        | 5 6 |  6.6
Stealth        | 5 6 |  6.3
Conjurations   | 8 |  8.2

Action                   |  1- 3 |  4- 6 |  7- 9 || total
-------------------------+-------+-------+-------++-------
Melee: Spear             |     2 |       |       ||     2
       Trident           |       |     7 |    41 ||    48
       Bite              |       |       |     2 ||     2
 Cast: Magic Dart        |    59 |   123 |   185 ||   367
       Searing Ray       |       |    11 |    39 ||    50
       Iskenderun's Myst |       |       |     2 ||     2
  Use: Scroll            |       |     5 |     9 ||    14
Armor: Robe              |       |     1 |       ||     1
       Leather armour    |       |     3 |    10 ||    13
Dodge: Dodged            |     1 |     5 |    63 ||    69

Levels and vault maps discovered:
D:1:      minmay_arrival_radiant_lines, layout_loops_ring, serial_forest,
          infiniplex_forest_lined_ring, infiniplex_forest_lined_room_2,
          infiniplex_forest_clump_medium, infiniplex_forest_zigzag_1,
          infiniplex_forest_straight_2, infiniplex_forest_lined_1,
          infiniplex_forest_zigzag_2, infiniplex_forest_end_2
D:2:      layout_basic, chequers_ecumenical_altar_island
D:3:      layout_basic, supply_closet_lemuel, uniq_natasha
D:4:      layout_loops_cross, minmay_temple_entry_nine_rooms,
          grunt_dithmenos_smoke_and_mirrors
D:5:      layout_basic, serial_shops, shop_fountains, uniq_eustachio,
          uniq_duvessa
D:6:      layout_cave_pods, minmay_stone_trees_medium, nicolae_alphabet_shops,
          chequers_serial_rivers_marsh, st_stairs_2
D:7:      layout_basic, old_standard_altar, st_stairs_12, serial_bayou_pond_c
D:8:      layout_basic, serial_bayou_pond_e, roderic_batcave, minivault_11,
          uniq_erica, uniq_grum, uniq_gastronok
Temple:   grunt_wide_crystal_templ

Notes
Turn   | Place    | Note
-------+----------+-------------------------------------------
     0 | D:1      | phalm the Gnoll Conjurer began the quest for the Orb.
     0 | D:1      | Reached XP level 1. HP: 13/13 MP: 6/6
     0 | D:1      | magus.rc [v1.9.10]
   849 | D:2      | Reached XP level 2. HP: 20/20 MP: 3/7
   856 | D:2      | Learned a level 2 spell: Searing Ray
   959 | D:2      | Reached XP level 3. HP: 25/25 MP: 7/9
  1011 | D:2      | Reached skill level 5 in Spellcasting
  1260 | D:2      | Found a faded altar of an unknown god.
  1401 | D:2      | Reached skill level 1 in Invocations
  1558 | D:2      | Reached skill level 1 in Fighting
  1558 | D:2      | Reached skill level 1 in Short Blades
  1558 | D:2      | Reached skill level 1 in Long Blades
  1558 | D:2      | Reached skill level 1 in Axes
  1558 | D:2      | Reached skill level 1 in Maces & Flails
  1558 | D:2      | Reached skill level 1 in Polearms
  1558 | D:2      | Reached skill level 1 in Staves
  1558 | D:2      | Reached skill level 1 in Slings
  1558 | D:2      | Reached skill level 1 in Bows
  1558 | D:2      | Reached skill level 1 in Crossbows
  1558 | D:2      | Reached skill level 1 in Throwing
  1558 | D:2      | Reached skill level 1 in Armour
  1558 | D:2      | Reached skill level 1 in Shields
  1558 | D:2      | Reached skill level 1 in Unarmed Combat
  1558 | D:2      | Reached skill level 1 in Evocations
  1753 | D:3      | Reached XP level 4. HP: 32/32 MP: 8/11
  1758 | D:3      | Learned a level 4 spell: Fulminant Prism
  1763 | D:3      | Learned a level 4 spell: Iskenderun's Mystic Blast
  2079 | D:3      | Reached skill level 1 in Hexes
  2079 | D:3      | Reached skill level 1 in Summonings
  2079 | D:3      | Reached skill level 1 in Necromancy
  2079 | D:3      | Reached skill level 1 in Translocations
  2079 | D:3      | Reached skill level 1 in Transmutations
  2079 | D:3      | Reached skill level 1 in Fire Magic
  2079 | D:3      | Reached skill level 1 in Ice Magic
  2079 | D:3      | Reached skill level 1 in Air Magic
  2079 | D:3      | Reached skill level 1 in Earth Magic
  2079 | D:3      | Reached skill level 1 in Poison Magic
  2476 | D:3      | Reached XP level 5. HP: 37/37 MP: 7/12
  2725 | D:3      | Noticed Natasha
  2728 | D:3      | Killed Natasha
  2792 | D:3      | Noticed Natasha
  2795 | D:3      | Killed Natasha
  2900 | D:3      | Noticed Natasha
  2903 | D:3      | Killed Natasha
  3164 | D:4      | HP: 6/38 [something/puff of flame (5)]
  3166 | D:4      | Reached skill level 2 in Invocations
  3166 | D:4      | Reached XP level 6. HP: 8/44 MP: 3/13
  3866 | D:4      | Found a shadowy altar of Dithmenos.
  3924 | D:4      | Reached skill level 2 in Fighting
  3924 | D:4      | Reached skill level 2 in Short Blades
  3924 | D:4      | Reached skill level 2 in Long Blades
  3924 | D:4      | Reached skill level 2 in Axes
  3924 | D:4      | Reached skill level 2 in Maces & Flails
  3924 | D:4      | Reached skill level 2 in Polearms
  3924 | D:4      | Reached skill level 2 in Staves
  3924 | D:4      | Reached skill level 2 in Slings
  3924 | D:4      | Reached skill level 2 in Bows
  3924 | D:4      | Reached skill level 2 in Crossbows
  3924 | D:4      | Reached skill level 2 in Throwing
  3924 | D:4      | Reached skill level 2 in Armour
  3924 | D:4      | Reached skill level 5 in Dodging
  3924 | D:4      | Reached skill level 2 in Shields
  3924 | D:4      | Reached skill level 2 in Unarmed Combat
  3924 | D:4      | Reached skill level 2 in Evocations
  4312 | D:4      | Found a staircase to the Ecumenical Temple.
  4325 | Temple   | Entered the Ecumenical Temple
  4368 | Temple   | Became a worshipper of Warmaster Okawaru
  4440 | D:5      | Entered Level 5 of the Dungeon
  4781 | D:5      | Noticed Eustachio
  4789 | D:5      | Killed Eustachio
  4789 | D:5      | Reached * piety under Okawaru
  4790 | D:5      | Reached XP level 7. HP: 51/51 MP: 7/15
  4800 | D:5      | Reached skill level 2 in Hexes
  4800 | D:5      | Reached skill level 2 in Summonings
  4800 | D:5      | Reached skill level 2 in Necromancy
  4800 | D:5      | Reached skill level 2 in Translocations
  4800 | D:5      | Reached skill level 2 in Transmutations
  4800 | D:5      | Reached skill level 2 in Fire Magic
  4800 | D:5      | Reached skill level 2 in Ice Magic
  4800 | D:5      | Reached skill level 2 in Air Magic
  4800 | D:5      | Reached skill level 2 in Earth Magic
  4800 | D:5      | Reached skill level 2 in Poison Magic
  5152 | D:5      | Reached skill level 5 in Stealth
  5152 | D:5      | Reached skill level 3 in Invocations
  5260 | D:5      | Reached XP level 8. HP: 57/57 MP: 0/16
  5400 | D:5      | Reached skill level 3 in Fighting
  5400 | D:5      | Reached skill level 3 in Short Blades
  5400 | D:5      | Reached skill level 3 in Long Blades
  5400 | D:5      | Reached skill level 3 in Axes
  5400 | D:5      | Reached skill level 3 in Maces & Flails
  5400 | D:5      | Reached skill level 3 in Polearms
  5400 | D:5      | Reached skill level 3 in Staves
  5400 | D:5      | Reached skill level 3 in Slings
  5400 | D:5      | Reached skill level 3 in Bows
  5400 | D:5      | Reached skill level 3 in Crossbows
  5400 | D:5      | Reached skill level 3 in Throwing
  5400 | D:5      | Reached skill level 3 in Armour
  5400 | D:5      | Reached skill level 3 in Shields
  5400 | D:5      | Reached skill level 3 in Unarmed Combat
  5400 | D:5      | Reached skill level 3 in Evocations
  5740 | D:5      | Noticed Dowan
  5742 | D:5      | Noticed Duvessa
  5748 | D:5      | Reached ** piety under Okawaru
  5750 | D:5      | Killed Duvessa
  5751 | D:5      | Reached skill level 6 in Spellcasting
  5759 | D:5      | Killed Dowan
  6160 | D:5      | Found Hasunn's General Store.
  6168 | D:5      | Bought a potion of curing for 30 gold pieces
  6638 | D:6      | Reached skill level 4 in Invocations
  6709 | D:6      | Reached skill level 3 in Hexes
  6709 | D:6      | Reached skill level 3 in Summonings
  6709 | D:6      | Reached skill level 3 in Necromancy
  6709 | D:6      | Reached skill level 3 in Translocations
  6709 | D:6      | Reached skill level 3 in Transmutations
  6709 | D:6      | Reached skill level 3 in Fire Magic
  6709 | D:6      | Reached skill level 3 in Ice Magic
  6709 | D:6      | Reached skill level 3 in Air Magic
  6709 | D:6      | Reached skill level 3 in Earth Magic
  6709 | D:6      | Reached skill level 3 in Poison Magic
  6729 | D:6      | Reached skill level 6 in Dodging
  6734 | D:6      | Reached XP level 9. HP: 39/65 MP: 5/18
  6922 | D:6      | Found Hmigiv's Humungous Hoard.
  6931 | D:6      | Bought 2 potions of heal wounds for 120 gold pieces
  7327 | D:6      | Reached *** piety under Okawaru
  7328 | D:6      | Reached skill level 4 in Fighting
  7328 | D:6      | Reached skill level 4 in Short Blades
  7328 | D:6      | Reached skill level 4 in Long Blades
  7328 | D:6      | Reached skill level 4 in Axes
  7328 | D:6      | Reached skill level 4 in Maces & Flails
  7328 | D:6      | Reached skill level 4 in Polearms
  7328 | D:6      | Reached skill level 4 in Staves
  7328 | D:6      | Reached skill level 4 in Slings
  7328 | D:6      | Reached skill level 4 in Bows
  7328 | D:6      | Reached skill level 4 in Crossbows
  7328 | D:6      | Reached skill level 4 in Throwing
  7328 | D:6      | Reached skill level 4 in Armour
  7328 | D:6      | Reached skill level 4 in Shields
  7328 | D:6      | Reached skill level 4 in Unarmed Combat
  7328 | D:6      | Reached skill level 4 in Evocations
  7969 | D:6      | Reached skill level 6 in Stealth
  7969 | D:6      | Reached skill level 8 in Conjurations
  8355 | D:7      | Found a radiant altar of Vehumet.
  9834 | D:8      | Reached skill level 5 in Invocations
  9834 | D:8      | Noticed Grum
  9845 | D:8      | Reached **** piety under Okawaru
  9845 | D:8      | HP: 15/66 [wolf[Grum] (11)]
  9846 | D:8      | Killed Grum
  9846 | D:8      | Received a gift from Okawaru
  9848 | D:8      | HP: 1/66 [wolf[Grum] (7)]
  9849 | D:8      | Slain by a wolf

Vanquished Creatures
  Grum (D:8)
  Eustachio (D:5)
  Duvessa (D:5)
  An ice beast (D:5)
  A sky beast (D:6)
  5 ogres
  3 centaurs
  3 wolves (D:8)
  A big kobold (D:7)
  A bullfrog (D:7)
  Dowan (D:5)
  2 scorpions (D:6)
  10 wights (D:6)
  A bullfrog zombie (D:6)
  3 hounds
  2 orc priests
  2 bullfrog skeletons (D:5)
  2 centaur skeletons
  2 iguanas
  Natasha (thrice) (D:3)
  3 orc wizards
  5 worker ants
  A worker ant zombie (D:6)
  4 gnolls (D:5)
  12 adders
  2 shadow imps (D:7)
  An ufetubus (D:8)
  3 oozes
  An adder skeleton (D:5)
  4 worms
  A dart slug (D:2)
  5 leopard geckos
  26 orcs
  6 bats
  4 giant cockroaches
  5 goblins
  6 hobgoblins
  3 jackals (D:5)
  3 quokkas
  4 frilled lizards
  A jackal skeleton (D:5)
  13 kobolds
  A leopard gecko skeleton (D:6)
  A quokka skeleton (D:4)
  8 rats
169 creatures vanquished.

Vanquished Creatures (others)
  14 plants (D:7)
14 creatures vanquished.

Grand Total: 183 creatures vanquished

Table legend:
 A = Non-vault XP
 B = Vault XP
 C = Vault XP percentage of total XP
 D = Non-vault monster count
 E = Vault monster count
 F = Vault count percentage of total count
                 A         B        C        D         E       F
            +---------+---------+-------+---------+---------+-------
      Total |    3407 |    1052 |  23.6 |     160 |       9 |   5.3
            +---------+---------+-------+---------+---------+-------
        D:1 |       9 |       0 |   0.0 |       6 |       0 |   0.0
        D:2 |      70 |       0 |   0.0 |      26 |       0 |   0.0
        D:3 |     174 |      35 |  16.7 |      26 |       1 |   3.7
        D:4 |     176 |       0 |   0.0 |      19 |       0 |   0.0
        D:5 |     940 |     411 |  30.4 |      31 |       3 |   8.8
        D:6 |    1359 |      72 |   5.0 |      30 |       1 |   3.2
        D:7 |     671 |       0 |   0.0 |      21 |       0 |   0.0
        D:8 |       8 |     534 |  98.5 |       1 |       4 |  80.0
            +---------+---------+-------+---------+---------+-------

Illustrated notes

Table legend:
 A = Kills in this place as a percentage of kills in entire the game.
 B = Kills by you in this place as a percentage of kills by you in the entire game.
 C = Kills by friends in this place as a percentage of kills by friends in the entire game.
 D = Other kills in this place as a percentage of other kills in the entire game.
 E = Experience gained in this place as a percentage of experience gained in the entire game.
 F = Experience gained in this place divided by the number of levels of this place that you have seen.
                   A       B       C       D       E      F
               +-------+-------+-------+-------+-------+----------------------
         Total | 100.0 | 100.0 |   N/A |   N/A | 100.0 | 495.4
       Dungeon | 100.0 | 100.0 |   N/A |   N/A | 100.0 | 557.4
               +-------+-------+-------+-------+-------+----------------------

Table legend: (Time is in decaauts)
 A = Elapsed time spent in this place.
 B = Non-inter-level travel time spent in this place.
 C = Inter-level travel time spent in this place.
 D = Time resting spent in this place.
 E = Time spent auto-exploring this place.
 F = Levels seen in this place.
 G = Mean time per level.
                   A        B        C        D        E       F      G
               +--------+--------+--------+--------+--------+-----+--------+
         Total |   9858 |   9551 |    307 |      4 |   8608 |   9 | 1095.3 |
       Dungeon |   9801 |   9508 |    293 |      4 |   8567 |   8 | 1225.1 |
        Temple |     56 |     43 |     13 |      0 |     41 |   1 |   56.0 |
               +--------+--------+--------+--------+--------+-----+--------+

Top non-repeatable levels by time:
     D:5: 1943 daAuts
     D:6: 1840 daAuts
     D:4: 1447 daAuts
     D:7: 1437 daAuts
     D:3: 1286 daAuts
     D:1: 906 daAuts
     D:2: 841 daAuts
     D:8: 97 daAuts
  Temple: 56 daAuts
